Inferno vs Sasquatch
Created - June 10, 2017 at 22:05
Goals
|
| Inferno |
3 |
0 |
0 |
3 |
| Sasquatch |
0 |
4 |
2 |
6 |
|
Shots
|
| Inferno |
9 |
6 |
9 |
24 |
| Sasquatch |
7 |
12 |
10 |
29 |
|
1st period
1. Inferno , Anders Lee 3 (Brendan Mikkelson 5, David Savard 1) at 5:40
2. Inferno , Vladimir Zharkov 6 (Mikhail Grabovski 10, Anders Lee 2) at 7:11
3. Inferno , Kyle Palmieri 6 (Vladimir Sobotka 11) at 11:04
Penalties :
No Penalty
2nd period
4. Sasquatch , Tyler Randell 2 (Yann Sauvé 4, Lars Eller 9) at 4:22
5. Sasquatch , Ryan Strome 3 (Danny DeKeiser 3, Jason Zucker 3) at 18:23 (PP)
6. Sasquatch , Linus Omark 7 (Jason Akeson 6, Lars Eller 10) at 18:31 (PP)
7. Sasquatch , Linus Omark 8 (Lars Eller 11, Jason Akeson 7) at 19:26 (PP)
Penalties :
Simon Danis-Pepin (Anc) for Holding (Minor) at 6:22, Tyler Randell (Gat) for Roughing (Minor) at 13:48, Cal O'Reilly (Anc) for Abuse of Officials (Major / Game Misconduct) at 17:34
3rd period
8. Sasquatch , Yann Sauvé 1 (Linus Omark 7, Lars Eller 12) at 10:11 (PP)
9. Sasquatch , Danny DeKeiser 3 (Yann Sauvé 5, Linus Omark 8) at 10:36 (PP)
Penalties :
Vladimir Zharkov (Anc) for High sticking (Double Minor) at 9:45, Zach Redmond (Anc) for Tripping (Minor) at 11:51, Yann Sauvé (Gat) for Tripping (Minor) at 15:34, Brock Trotter (Gat) for High sticking (Minor) at 17:02
Goalie Stats
Michael Hutchinson (Anc), 23 saves from 29 shots - (0.793), L, 1-1-0, 60:00 minutes
Corey Crawford (Gat), 21 saves from 24 shots - (0.875), W, 6-5-0, 60:00 minutes
Players Stats for Inferno
Player Name G A P +/- PIM S H SB GA TA FO MP PP MP PK MP
------------------------------------------------------------------------------------
Anders Lee 1 1 2 1 0 1 2 0 0 0 1/2 9:49 0:00 0:26
Beau Bennett 0 0 0 0 0 3 0 0 2 0 0/0 11:34 0:07 0:00
Brendan Mikkelson 0 1 1 2 0 0 2 2 1 0 0/0 24:17 2:11 5:59
Cal O'Reilly 0 0 0 0 15 0 0 0 1 0 0/2 7:53 0:00 0:00
Christian Folin 0 0 0 1 0 0 0 0 1 0 1/1 10:49 2:11 0:04
Colby Robak 0 0 0 0 0 0 0 4 0 0 0/0 27:18 3:15 5:59
David Savard 0 1 1 2 0 0 1 4 1 1 0/0 16:43 0:00 3:49
David Ullstrom 0 0 0 0 0 0 0 1 0 1 1/1 15:58 2:31 2:16
Kyle Palmieri 1 0 1 0 0 2 0 0 0 1 1/2 14:52 2:31 0:00
Mathieu Brodeur 0 0 0 0 0 0 0 2 0 2 0/0 14:01 0:00 0:42
Matt Kassian 0 0 0 0 0 1 2 0 1 0 0/0 11:24 0:07 0:00
Matthew Nieto 0 0 0 1 0 2 2 0 0 0 0/0 8:59 0:07 0:43
Mikhail Grabovski 0 1 1 1 0 4 0 0 0 1 7/24 19:12 2:48 2:16
Simon Danis-Pepin 0 0 0 0 2 0 0 0 1 0 0/0 21:17 3:15 3:03
Stephane Veilleux 0 0 0 1 0 5 2 2 0 0 0/0 23:23 2:48 6:15
Vladimir Sobotka 0 1 1 0 0 1 2 2 1 0 12/19 20:45 2:31 6:23
Vladimir Zharkov 1 0 1 1 4 4 2 1 0 0 1/1 18:24 2:48 1:17
Zach Redmond 0 0 0 0 2 1 1 0 0 0 0/0 13:30 0:00 0:00
Players Stats for Sasquatch
Player Name G A P +/- PIM S H SB GA TA FO MP PP MP PK MP
------------------------------------------------------------------------------------
Brock Trotter 0 0 0 -2 2 0 3 0 2 0 0/0 12:14 0:09 1:03
D.J King 0 0 0 1 0 2 1 0 0 1 0/0 14:36 0:00 2:46
Danny DeKeiser 1 1 2 -2 0 3 3 3 0 2 0/0 27:16 6:13 2:09
Drew Shore 0 0 0 -2 0 0 2 1 0 0 5/9 14:23 0:00 2:42
Garnet Hathaway 0 0 0 -1 0 1 1 0 1 1 0/0 7:04 0:00 0:00
Jason Akeson 0 2 2 0 0 1 0 0 0 0 2/2 19:55 5:29 0:00
Jason Zucker 0 1 1 -1 0 0 1 0 1 0 0/0 12:26 3:59 1:09
Jonathan Blum 0 0 0 0 0 1 3 1 1 0 0/0 26:47 3:35 2:57
Kris Russell 0 0 0 -1 0 1 2 0 0 2 0/0 24:02 3:35 2:29
Lars Eller 0 4 4 1 0 4 1 0 0 1 12/23 17:07 5:29 0:00
Linus Omark 2 2 4 0 0 7 1 0 1 1 0/2 21:07 5:39 0:38
Michal Jordan 0 0 0 0 0 1 1 0 0 1 0/0 13:15 0:00 0:53
Ryan Strome 1 0 1 -2 0 1 5 0 0 0 0/0 14:16 3:59 0:00
Sergey Kalinin 0 0 0 -1 0 0 1 0 0 0 2/3 9:51 0:21 1:35
Slava Voynov 0 0 0 0 0 0 1 0 0 0 0/0 0:58 0:00 0:00
Stephane Da Costa 0 0 0 0 0 2 3 0 0 0 6/11 18:52 3:59 0:21
Tyler Randell 1 0 1 0 2 1 3 0 0 0 1/2 13:53 0:20 0:00
Yann Sauvé 1 2 3 0 2 4 4 0 0 0 0/0 25:58 6:13 2:30
3 Stars
1 - Linus Omark (Gat)
2 - Lars Eller (Gat)
3 - Yann Sauvé (Gat)
Power Play
Inferno - 0 on 3 Attempt(s) - 0.00%
Sasquatch - 5 on 8 Attempt(s) - 62.50%
Penalty Kill
Inferno - 3 on 8 Attempt(s) - 37.50%
- Score 0 goal in Penalty Kill
Sasquatch - 3 on 3 Attempt(s) - 100.00%
- Score 0 goal in Penalty Kill
Team Stat
Inferno - Hits : 16 - Faceoff Wins : 24 - Blocked Shots : 18 - Penalty Minutes : 23
Sasquatch - Hits : 36 - Faceoff Wins : 28 - Blocked Shots : 5 - Penalty Minutes : 6
Official
Referees : Auger Stephane and McCauley Wes
Linesman : David Brisebois and Thor Nelson
Game Notes
Slava Voynov is injured at 4:24 of 1st period (Left Leg)
Cal O'Reilly ejected from game at 17:34 of 2nd period
Cal O'Reilly from Inferno is suspended for 1 game(s)
Finance
Level 1 -- Attendance: 1915 (95.75%) -- Ticket Income $67,025
Level 2 -- Attendance: 930 (93.00%) -- Ticket Income $13,950
Total Attendance: 2845 (94.83%)
Total Ticket Income: $80,975
Other Income: $4,049
Total Income: $85,024
Inferno
5 vs 5 Forward
Center Left Wing Right Wing Time % Phy DF OF
1 Mikhail Grabovski Stephane Veilleux Vladimir Zharkov 40 1 2 2
2 Vladimir Sobotka David Ullstrom Kyle Palmieri 30 1 2 2
3 Cal O'Reilly Matt Kassian Beau Bennett 20 1 2 2
4 Anders Lee Matthew Nieto Christian Folin 10 1 2 2
5 vs 5 Defense
Defense Defense Time % Phy DF OF
1 Simon Danis-Pepin Colby Robak 40 1 2 2
2 Brendan Mikkelson David Savard 30 1 2 2
3 Zach Redmond Mathieu Brodeur 20 1 2 2
4 Brendan Mikkelson Colby Robak 10 1 2 2
PowerPlay Forward
Center Left Wing Right Wing Time % Phy DF OF
1 Mikhail Grabovski Stephane Veilleux Vladimir Zharkov 60 1 2 2
2 Vladimir Sobotka David Ullstrom Kyle Palmieri 40 1 2 2
PowerPlay Defense
Defense Defense Time % Phy DF OF
1 Simon Danis-Pepin Colby Robak 60 1 2 2
2 Brendan Mikkelson Christian Folin 40 1 2 2
Penalty Kill 4 Players Forward
Center Wing Time % Phy DF OF
1 Vladimir Sobotka Stephane Veilleux 60 1 2 2
2 Mikhail Grabovski David Ullstrom 40 1 2 2
Penalty Kill 4 Players Defense
Defense Defense Time % Phy DF OF
1 Brendan Mikkelson Colby Robak 60 1 2 2
2 Simon Danis-Pepin David Savard 40 1 2 2
Penalty Kill - 3 Players Forward
Forward Time % Phy DF OF
1 Mikhail Grabovski 60 1 2 2
2 Vladimir Sobotka 40 1 2 2
Penalty Kill - 3 Players Defense
Defense Defense Time % Phy DF OF
1 Brendan Mikkelson Colby Robak 60 1 2 2
2 Simon Danis-Pepin David Savard 40 1 2 2
4 vs 4 Forward
Center Wing Time % Phy DF OF
1 Mikhail Grabovski Vladimir Zharkov 60 1 2 2
2 Vladimir Sobotka Stephane Veilleux 40 1 2 2
4 vs 4 Defense
Defense Defense Time % Phy DF OF
1 Simon Danis-Pepin Colby Robak 60 1 2 2
2 Brendan Mikkelson David Savard 40 1 2 2
Last Minutes Offensive
Center Left Wing Right Wing Defense Defense
Mikhail Grabovski Stephane Veilleux Vladimir Zharkov Brendan Mikkelson Colby Robak
Last Minutes Defensive
Center Left Wing Right Wing Defense Defense
Mikhail Grabovski Stephane Veilleux Vladimir Zharkov Brendan Mikkelson Colby Robak
Goaltenders
Starting : Michael Hutchinson
Backup : Josh Harding
Extra Forwards
Normal : Vladimir Sobotka, Kyle Palmieri, David Ullstrom - PP : Cal O'Reilly, Matt Kassian - PK : Vladimir Zharkov
Extra Defensemen
Normal : Brendan Mikkelson, Christian Folin, David Savard - PP : Christian Folin - PK : David Savard, Mathieu Brodeur
Penalty Shots
Mikhail Grabovski, Vladimir Sobotka, Stephane Veilleux, Vladimir Zharkov, Cal O'Reilly
Scratches
Chris Brown (Healthy), Victor Rask (Healthy), Cal O'Reilly (Suspend), Frank Corrado (Healthy), Ryan Spooner (Healthy)
Derek Peltier (Sprained Left Finger Injury), Tyler Shattock (Healthy), Joakim Nordstrom (Healthy), Sami Vatanen (Sprained Left Knee Injury), Daniil Tarasov (Healthy)
Luca Sbisa (Strained Left Knee Injury), Christopher Gibson (Healthy), Nathan Lieuwen (Healthy)
Sasquatch
5 vs 5 Forward
Center Left Wing Right Wing Time % Phy DF OF
1 Stephane Da Costa Linus Omark Jason Akeson 40 1 2 2
2 Lars Eller D.J King Tyler Randell 30 1 2 2
3 Drew Shore Brock Trotter Ryan Strome 20 1 2 2
4 Sergey Kalinin Jason Zucker Garnet Hathaway 10 1 2 2
5 vs 5 Defense
Defense Defense Time % Phy DF OF
1 Yann Sauvé Danny DeKeiser 40 1 2 2
2 Kris Russell Jonathan Blum 30 1 2 2
3 Kris Russell Slava Voynov 20 1 2 2
4 Jonathan Blum Michal Jordan 10 1 2 2
PowerPlay Forward
Center Left Wing Right Wing Time % Phy DF OF
1 Lars Eller Linus Omark Jason Akeson 60 1 2 2
2 Stephane Da Costa Jason Zucker Ryan Strome 40 1 2 2
PowerPlay Defense
Defense Defense Time % Phy DF OF
1 Danny DeKeiser Yann Sauvé 60 1 2 2
2 Kris Russell Jonathan Blum 40 1 2 2
Penalty Kill 4 Players Forward
Center Wing Time % Phy DF OF
1 Drew Shore D.J King 60 1 2 2
2 Sergey Kalinin Linus Omark 40 1 2 2
Penalty Kill 4 Players Defense
Defense Defense Time % Phy DF OF
1 Yann Sauvé Jonathan Blum 60 1 2 2
2 Kris Russell Danny DeKeiser 40 1 2 2
Penalty Kill - 3 Players Forward
Forward Time % Phy DF OF
1 Drew Shore 60 1 2 2
2 Sergey Kalinin 40 1 2 2
Penalty Kill - 3 Players Defense
Defense Defense Time % Phy DF OF
1 Jonathan Blum Yann Sauvé 60 1 2 2
2 Danny DeKeiser Kris Russell 40 1 2 2
4 vs 4 Forward
Center Wing Time % Phy DF OF
1 Drew Shore D.J King 60 1 2 2
2 Stephane Da Costa Linus Omark 40 1 2 2
4 vs 4 Defense
Defense Defense Time % Phy DF OF
1 Kris Russell Yann Sauvé 60 1 2 2
2 Danny DeKeiser Jonathan Blum 40 1 2 2
Last Minutes Offensive
Center Left Wing Right Wing Defense Defense
Lars Eller Linus Omark Jason Akeson Kris Russell Jonathan Blum
Last Minutes Defensive
Center Left Wing Right Wing Defense Defense
Drew Shore Linus Omark D.J King Danny DeKeiser Jonathan Blum
Goaltenders
Starting : Corey Crawford
Backup : Martin Houle
Extra Forwards
Normal : Jason Zucker, Jason Akeson, Brock Trotter - PP : Sergey Kalinin, Linus Omark - PK : Brock Trotter
Extra Defensemen
Normal : Jonathan Blum, Kris Russell, Danny DeKeiser - PP : Kris Russell - PK : Slava Voynov, Danny DeKeiser
Penalty Shots
Linus Omark, Lars Eller, Jason Akeson, Ryan Strome, Jason Zucker
Scratches
Andy Andreoff (Healthy), Philip Varone (Healthy), James Wisniewski (Healthy), Nick Leddy (Suspend), Ty Rattie (Healthy)
Teemu Hartikainen (Healthy), Slava Voynov (Left Leg Injury), Jack Campbell (Healthy)
% Time on Ice - Inferno
Lines # - Real PCT - Wanted PCT - Time Play
Normal Forward
1 - 34% - 40% - 15:06
2 - 24% - 30% - 10:50
3 - 25% - 20% - 11:05
4 - 17% - 10% - 7:45
Normal Defense
1 - 32% - 40% - 14:22
2 - 30% - 30% - 13:23
3 - 30% - 20% - 13:19
4 - 8% - 10% - 3:42
PP Forward
1 - 54% - 60% - 2:55
2 - 46% - 40% - 2:31
PP Defense
1 - 60% - 60% - 3:15
2 - 40% - 40% - 2:11
PK Forward
1 - 77% - 60% - 7:32
2 - 23% - 40% - 2:16
PK Defense
1 - 61% - 60% - 5:59
2 - 39% - 40% - 3:49
PK3 Forward
1 - 0% - 60%
2 - 0% - 40%
PK3 Defense
1 - 0% - 60%
2 - 0% - 40%
44 Forward
1 - 0% - 60%
2 - 0% - 40%
44 Defense
1 - 0% - 60%
2 - 0% - 40%
Last Minute Offensive - 0:00
Last Minute Defensive - 0:00
Total
Forward - 60:00
Defense - 60:00
|
% Time on Ice - Sasquatch
Lines # - Real PCT - Wanted PCT - Time Play
Normal Forward
1 - 33% - 40% - 14:53
2 - 28% - 30% - 12:22
3 - 23% - 20% - 10:27
4 - 16% - 10% - 7:04
Normal Defense
1 - 35% - 40% - 15:45
2 - 23% - 30% - 10:26
3 - 28% - 20% - 12:29
4 - 14% - 10% - 6:06
PP Forward
1 - 59% - 60% - 5:49
2 - 41% - 40% - 3:59
PP Defense
1 - 63% - 60% - 6:13
2 - 37% - 40% - 3:35
PK Forward
1 - 85% - 60% - 4:11
2 - 15% - 40% - 0:44
PK Defense
1 - 87% - 60% - 4:17
2 - 13% - 40% - 0:38
PK3 Forward
1 - 90% - 60% - 0:28
2 - 10% - 40% - 0:03
PK3 Defense
1 - 100% - 60% - 0:31
2 - 0% - 40% - 0:00
44 Forward
1 - 0% - 60%
2 - 0% - 40%
44 Defense
1 - 0% - 60%
2 - 0% - 40%
Last Minute Offensive - 0:00
Last Minute Defensive - 0:00
Total
Forward - 60:00
Defense - 60:00
|
Play by Play
1st period
0:01 of 1st period - Stephane Da Costa wins face-off versus Mikhail Grabovski in neutral zone.
0:26 of 1st period - Vladimir Sobotka is hit by Yann Sauvé and loses puck.
1:09 of 1st period - Backhand shot by Jason Zucker.
1:09 of 1st period - Shot Blocked by David Savard.
2:41 of 1st period - Anders Lee is hit by Stephane Da Costa and loses puck.
3:00 of 1st period - Simon Danis-Pepin is hit by Jonathan Blum and loses puck.
3:23 of 1st period - Colby Robak is hit by Slava Voynov and loses puck.
3:51 of 1st period - Matt Kassian is hit by Ryan Strome and loses puck.
3:58 of 1st period - Zach Redmond is hit by Drew Shore and loses puck.
4:23 of 1st period - Slava Voynov is hit by Zach Redmond.
4:24 of 1st period - Slava Voynov from Sasquatch is injured at 4:24 of 1st period (Left Leg).
4:25 of 1st period - Lars Eller wins face-off versus Mikhail Grabovski in Sasquatch zone.
4:51 of 1st period - Colby Robak is hit by Jonathan Blum and loses puck.
5:09 of 1st period - Off-side.
5:10 of 1st period - Christian Folin wins face-off versus Drew Shore in neutral zone.
5:31 of 1st period - David Savard is hit by Yann Sauvé and loses puck.
5:40 of 1st period - Wrist shot by Anders Lee.
5:40 of 1st period - Goal by Anders Lee - Inferno : 1 - Sasquatch : 0.
5:41 of 1st period - Jason Akeson wins face-off versus Mikhail Grabovski in neutral zone.
7:11 of 1st period - Snap shot by Vladimir Zharkov.
7:11 of 1st period - Goal by Vladimir Zharkov - Inferno : 2 - Sasquatch : 0.
7:12 of 1st period - Vladimir Zharkov wins face-off versus Stephane Da Costa in neutral zone.
7:27 of 1st period - Wrist shot by Stephane Veilleux.
7:27 of 1st period - Stopped by Corey Crawford with a rebound.
7:37 of 1st period - Vladimir Sobotka is hit by D.J King and loses puck.
8:20 of 1st period - Vladimir Zharkov is hit by Garnet Hathaway and loses puck.
8:33 of 1st period - Yann Sauvé is hit by David Savard.
9:21 of 1st period - Slapshot by Kris Russell.
9:21 of 1st period - Shot Blocked by David Savard.
9:23 of 1st period - Snap shot by Sergey Kalinin.
9:23 of 1st period - Shot Blocked by David Savard.
9:25 of 1st period - Slapshot by Kris Russell.
9:25 of 1st period - Deflect By Christian Folin.
9:25 of 1st period - Stopped by Michael Hutchinson with a rebound.
10:03 of 1st period - Snap shot by Linus Omark.
10:03 of 1st period - Stopped by Michael Hutchinson with a rebound.
10:07 of 1st period - Wrist shot by Stephane Da Costa.
10:07 of 1st period - Deflect By Linus Omark.
10:07 of 1st period - Shot Blocked by Colby Robak.
10:07 of 1st period - Puck is out of play.
10:08 of 1st period - Tyler Randell wins face-off versus Mikhail Grabovski in Inferno zone.
10:40 of 1st period - Colby Robak is hit by Linus Omark and loses puck.
11:04 of 1st period - Snap shot by Kyle Palmieri.
11:04 of 1st period - Goal by Kyle Palmieri - Inferno : 3 - Sasquatch : 0.
11:05 of 1st period - Stephane Da Costa wins face-off versus Mikhail Grabovski in neutral zone.
11:08 of 1st period - Wrist shot by Kris Russell.
11:08 of 1st period - Deflect By Stephane Da Costa.
11:08 of 1st period - Stopped by Michael Hutchinson without a rebound.
11:09 of 1st period - Stephane Da Costa wins face-off versus Mikhail Grabovski in Inferno zone.
11:10 of 1st period - Snap shot by Linus Omark.
11:10 of 1st period - Shot Misses the Net.
11:50 of 1st period - Wrist shot by Jason Akeson.
11:50 of 1st period - Deflect By Stephane Da Costa.
11:50 of 1st period - Shot Misses the Net.
11:50 of 1st period - Puck is out of play.
11:51 of 1st period - Lars Eller wins face-off versus Mikhail Grabovski in Inferno zone.
11:52 of 1st period - Snap shot by D.J King.
11:52 of 1st period - Stopped by Michael Hutchinson without a rebound.
11:53 of 1st period - Lars Eller wins face-off versus Mikhail Grabovski in Inferno zone.
12:01 of 1st period - Off-side.
12:02 of 1st period - Lars Eller wins face-off versus Mikhail Grabovski in neutral zone.
12:11 of 1st period - Tyler Randell is hit by Vladimir Zharkov and loses puck.
12:53 of 1st period - Slapshot by Brock Trotter.
12:53 of 1st period - Shot Blocked by Mathieu Brodeur.
12:55 of 1st period - Wrist shot by Michal Jordan.
12:55 of 1st period - Stopped by Michael Hutchinson with a rebound.
12:57 of 1st period - Wrist shot by Linus Omark.
12:57 of 1st period - Shot Misses the Net.
12:59 of 1st period - Wrist shot by Linus Omark.
12:59 of 1st period - Stopped by Michael Hutchinson without a rebound.
13:00 of 1st period - Stephane Da Costa wins face-off versus Mikhail Grabovski in Inferno zone.
13:50 of 1st period - Off-side.
13:51 of 1st period - Mikhail Grabovski wins face-off versus Sergey Kalinin in neutral zone.
14:03 of 1st period - Snap shot by Stephane Veilleux.
14:03 of 1st period - Shot Misses the Net.
14:05 of 1st period - Wrist shot by Stephane Veilleux.
14:05 of 1st period - Shot Misses the Net.
14:17 of 1st period - Simon Danis-Pepin is hit by Jonathan Blum and loses puck.
14:36 of 1st period - Slapshot by Vladimir Sobotka.
14:36 of 1st period - Deflect By Kyle Palmieri.
14:36 of 1st period - Shot Misses the Net.
14:36 of 1st period - Puck is out of play.
14:37 of 1st period - Kyle Palmieri wins face-off versus Lars Eller in Sasquatch zone.
15:09 of 1st period - Snap shot by Linus Omark.
15:09 of 1st period - Shot Misses the Net.
15:11 of 1st period - Slapshot by Jonathan Blum.
15:11 of 1st period - Shot Blocked by Mathieu Brodeur.
15:33 of 1st period - Snap shot by Beau Bennett.
15:33 of 1st period - Stopped by Corey Crawford without a rebound.
15:34 of 1st period - Vladimir Sobotka wins face-off versus Lars Eller in Sasquatch zone.
15:35 of 1st period - Snap shot by Kyle Palmieri.
15:35 of 1st period - Stopped by Corey Crawford without a rebound.
15:36 of 1st period - Vladimir Sobotka wins face-off versus Tyler Randell in Sasquatch zone.
16:04 of 1st period - Wrist shot by Stephane Veilleux.
16:04 of 1st period - Deflect By Danny DeKeiser.
16:04 of 1st period - Stopped by Corey Crawford with a rebound.
16:06 of 1st period - Slapshot by Stephane Veilleux.
16:06 of 1st period - Deflect By Mikhail Grabovski.
16:06 of 1st period - Shot Blocked by Danny DeKeiser.
16:06 of 1st period - Puck is out of play.
16:07 of 1st period - Stephane Da Costa wins face-off versus Mikhail Grabovski in Sasquatch zone.
16:07 of 1st period - Stephane Da Costa is hit by Vladimir Zharkov.
16:41 of 1st period - Snap shot by Linus Omark.
16:41 of 1st period - Shot Misses the Net.
16:59 of 1st period - Snap shot by Stephane Veilleux.
16:59 of 1st period - Stopped by Corey Crawford with a rebound.
17:01 of 1st period - Snap shot by Mikhail Grabovski.
17:01 of 1st period - Shot Misses the Net.
17:07 of 1st period - Snap shot by Vladimir Zharkov.
17:07 of 1st period - Shot Misses the Net.
17:09 of 1st period - Snap shot by Vladimir Zharkov.
17:09 of 1st period - Stopped by Corey Crawford without a rebound.
17:10 of 1st period - Lars Eller wins face-off versus Vladimir Sobotka in Sasquatch zone.
18:15 of 1st period - Wrist shot by Lars Eller.
18:15 of 1st period - Shot Misses the Net.
18:19 of 1st period - Snap shot by Lars Eller.
18:19 of 1st period - Stopped by Michael Hutchinson with a rebound.
18:37 of 1st period - Snap shot by Cal O'Reilly.
18:37 of 1st period - Shot Misses the Net.
19:14 of 1st period - Brendan Mikkelson is hit by Tyler Randell and loses puck.
19:29 of 1st period - Beau Bennett is hit by Stephane Da Costa.
19:34 of 1st period - Icing by David Savard.
19:35 of 1st period - Drew Shore wins face-off versus Cal O'Reilly in Inferno zone.
19:36 of 1st period - Snap shot by Brock Trotter.
19:36 of 1st period - Shot Hit the Post.
19:38 of 1st period - Wrist shot by Ryan Strome.
19:38 of 1st period - Deflect By Brock Trotter.
19:38 of 1st period - Shot Blocked by Brendan Mikkelson.
19:38 of 1st period - Puck is out of play.
19:39 of 1st period - Drew Shore wins face-off versus Mikhail Grabovski in Inferno zone.
19:50 of 1st period - Mikhail Grabovski is hit by Brock Trotter and loses puck.
Goals for this period are 3 for Inferno vs 0 for Sasquatch.
Shots for this period are 9 for Inferno vs 7 for Sasquatch.
2nd period
0:01 of 2nd period - Mikhail Grabovski wins face-off versus Stephane Da Costa in neutral zone.
0:14 of 2nd period - Snap shot by Jason Akeson.
0:14 of 2nd period - Shot Blocked by Stephane Veilleux.
0:16 of 2nd period - Snap shot by Jason Akeson.
0:16 of 2nd period - Stopped by Michael Hutchinson without a rebound.
0:17 of 2nd period - David Ullstrom wins face-off versus Lars Eller in Inferno zone.
0:32 of 2nd period - Snap shot by D.J King.
0:32 of 2nd period - Shot Blocked by Colby Robak.
0:42 of 2nd period - Linus Omark is hit by Stephane Veilleux and loses puck.
0:53 of 2nd period - Snap shot by Stephane Veilleux.
0:53 of 2nd period - Shot Blocked by Jonathan Blum.
1:25 of 2nd period - Matt Kassian is hit by Tyler Randell and loses puck.
1:46 of 2nd period - David Ullstrom is hit by Kris Russell and loses puck.
2:01 of 2nd period - Stephane Da Costa is hit by Vladimir Sobotka and loses puck.
2:20 of 2nd period - Wrist shot by Stephane Veilleux.
2:20 of 2nd period - Stopped by Corey Crawford without a rebound.
2:21 of 2nd period - Mikhail Grabovski wins face-off versus Stephane Da Costa in Sasquatch zone.
2:52 of 2nd period - Vladimir Sobotka is hit by Tyler Randell and loses puck.
3:35 of 2nd period - Kris Russell is hit by Matthew Nieto and loses puck.
4:18 of 2nd period - Slapshot by Lars Eller.
4:18 of 2nd period - Stopped by Michael Hutchinson with a rebound.
4:20 of 2nd period - Slapshot by Yann Sauvé.
4:20 of 2nd period - Shot Blocked by Vladimir Sobotka.
4:22 of 2nd period - Snap shot by Tyler Randell.
4:22 of 2nd period - Goal by Tyler Randell - Inferno : 3 - Sasquatch : 1.
4:23 of 2nd period - Mikhail Grabovski wins face-off versus Stephane Da Costa in neutral zone.
4:48 of 2nd period - David Ullstrom is hit by Yann Sauvé and loses puck.
5:03 of 2nd period - Tyler Randell is hit by Vladimir Sobotka and loses puck.
5:16 of 2nd period - Slapshot by Beau Bennett.
5:16 of 2nd period - Stopped by Corey Crawford with a rebound.
5:18 of 2nd period - Snap shot by Beau Bennett.
5:18 of 2nd period - Shot Blocked by Drew Shore.
5:20 of 2nd period - Slapshot by Zach Redmond.
5:20 of 2nd period - Shot Misses the Net.
5:22 of 2nd period - Slapshot by Beau Bennett.
5:22 of 2nd period - Stopped by Corey Crawford with a rebound.
6:22 of 2nd period - Minor Penalty to Simon Danis-Pepin for Holding.
6:23 of 2nd period - Vladimir Sobotka wins face-off versus Lars Eller in Inferno zone.
8:22 of 2nd period - Penalty to Simon Danis-Pepin is over, Simon Danis-Pepin is back on ice.
8:31 of 2nd period - Christian Folin is hit by Brock Trotter and loses puck.
9:32 of 2nd period - Mikhail Grabovski is hit by Lars Eller and loses puck.
10:54 of 2nd period - Snap shot by Garnet Hathaway.
10:54 of 2nd period - Shot Blocked by Colby Robak.
10:56 of 2nd period - Wrist shot by Garnet Hathaway.
10:56 of 2nd period - Stopped by Michael Hutchinson with a rebound.
11:08 of 2nd period - Wrist shot by Beau Bennett.
11:08 of 2nd period - Shot Misses the Net.
11:10 of 2nd period - Wrist shot by Matt Kassian.
11:10 of 2nd period - Stopped by Corey Crawford without a rebound.
11:11 of 2nd period - Lars Eller wins face-off versus Cal O'Reilly in Sasquatch zone.
11:17 of 2nd period - Off-side.
11:18 of 2nd period - Lars Eller wins face-off versus Mikhail Grabovski in neutral zone.
11:20 of 2nd period - Off-side.
11:21 of 2nd period - Mikhail Grabovski wins face-off versus Lars Eller in neutral zone.
11:38 of 2nd period - Wrist shot by Lars Eller.
11:38 of 2nd period - Shot Hit the Post.
11:54 of 2nd period - Wrist shot by Jason Akeson.
11:54 of 2nd period - Shot Blocked by David Ullstrom.
12:00 of 2nd period - Slapshot by Vladimir Sobotka.
12:00 of 2nd period - Stopped by Corey Crawford with a rebound.
12:19 of 2nd period - Colby Robak is hit by Yann Sauvé and loses puck.
12:34 of 2nd period - Matt Kassian is hit by Ryan Strome and loses puck.
13:15 of 2nd period - Slapshot by Jason Zucker.
13:15 of 2nd period - Shot Blocked by Vladimir Zharkov.
13:17 of 2nd period - Snap shot by Jonathan Blum.
13:17 of 2nd period - Stopped by Michael Hutchinson with a rebound.
13:19 of 2nd period - Snap shot by Garnet Hathaway.
13:19 of 2nd period - Shot Misses the Net.
13:21 of 2nd period - Slapshot by Kris Russell.
13:21 of 2nd period - Shot Blocked by David Savard.
13:23 of 2nd period - Snap shot by Sergey Kalinin.
13:23 of 2nd period - Shot Misses the Net.
13:25 of 2nd period - Slapshot by Yann Sauvé.
13:25 of 2nd period - Deflect By Mikhail Grabovski.
13:25 of 2nd period - Stopped by Michael Hutchinson with a rebound.
13:39 of 2nd period - Brendan Mikkelson is hit by Danny DeKeiser and loses puck.
13:46 of 2nd period - Snap shot by Kyle Palmieri.
13:46 of 2nd period - Shot Misses the Net.
13:48 of 2nd period - Minor Penalty to Tyler Randell for Roughing.
13:49 of 2nd period - Drew Shore wins face-off versus Vladimir Sobotka in Sasquatch zone.
14:22 of 2nd period - Slapshot by Mikhail Grabovski.
14:22 of 2nd period - Stopped by Corey Crawford with a rebound.
14:36 of 2nd period - Christian Folin is hit by Danny DeKeiser and loses puck.
14:57 of 2nd period - Stephane Veilleux is hit by Danny DeKeiser and loses puck.
15:48 of 2nd period - Penalty to Tyler Randell is over, Tyler Randell is back on ice.
16:18 of 2nd period - Slapshot by Kris Russell.
16:18 of 2nd period - Shot Misses the Net.
16:20 of 2nd period - Wrist shot by Stephane Da Costa.
16:20 of 2nd period - Shot Misses the Net.
16:30 of 2nd period - Drew Shore is hit by Matt Kassian and loses puck.
17:03 of 2nd period - David Ullstrom is hit by Jason Zucker and loses puck.
17:25 of 2nd period - Kyle Palmieri is hit by Drew Shore and loses puck.
17:34 of 2nd period - Major / Game Misconduct Penalty to Cal O'Reilly for Abuse of Officials.
17:34 of 2nd period - Cal O'Reilly is ejected from game.
17:35 of 2nd period - Stephane Da Costa wins face-off versus Vladimir Sobotka in Inferno zone.
18:03 of 2nd period - Icing by Jason Akeson.
18:04 of 2nd period - Vladimir Sobotka wins face-off versus Linus Omark in Sasquatch zone.
18:17 of 2nd period - Slapshot by Danny DeKeiser.
18:17 of 2nd period - Shot Blocked by Colby Robak.
18:19 of 2nd period - Slapshot by Jason Zucker.
18:19 of 2nd period - Shot Misses the Net.
18:21 of 2nd period - Slapshot by Danny DeKeiser.
18:21 of 2nd period - Stopped by Michael Hutchinson with a rebound.
18:23 of 2nd period - Snap shot by Ryan Strome.
18:23 of 2nd period - Goal by Ryan Strome - Inferno : 3 - Sasquatch : 2.
18:24 of 2nd period - Lars Eller wins face-off versus Vladimir Sobotka in neutral zone.
18:27 of 2nd period - Snap shot by Linus Omark.
18:27 of 2nd period - Stopped by Michael Hutchinson with a rebound.
18:31 of 2nd period - Slapshot by Linus Omark.
18:31 of 2nd period - Goal by Linus Omark - Inferno : 3 - Sasquatch : 3.
18:32 of 2nd period - Vladimir Sobotka wins face-off versus Linus Omark in neutral zone.
18:57 of 2nd period - Brendan Mikkelson is hit by Ryan Strome and loses puck.
19:02 of 2nd period - Snap shot by Stephane Da Costa.
19:02 of 2nd period - Stopped by Michael Hutchinson without a rebound.
19:03 of 2nd period - Vladimir Sobotka wins face-off versus Stephane Da Costa in Inferno zone.
19:26 of 2nd period - Wrist shot by Lars Eller.
19:26 of 2nd period - Deflect By Linus Omark.
19:26 of 2nd period - Goal by Linus Omark - Inferno : 3 - Sasquatch : 4.
19:27 of 2nd period - Vladimir Sobotka wins face-off versus Lars Eller in neutral zone.
19:34 of 2nd period - Slapshot by Stephane Veilleux.
19:34 of 2nd period - Shot Misses the Net.
Goals for this period are 0 for Inferno vs 4 for Sasquatch.
Shots for this period are 6 for Inferno vs 12 for Sasquatch.
3rd period
0:01 of 3rd period - Vladimir Sobotka wins face-off versus Lars Eller in neutral zone.
1:26 of 3rd period - Wrist shot by Matthew Nieto.
1:26 of 3rd period - Stopped by Corey Crawford with a rebound.
2:08 of 3rd period - David Savard is hit by Ryan Strome and loses puck.
2:31 of 3rd period - Anders Lee is hit by Brock Trotter and loses puck.
2:34 of 3rd period - Penalty to Cal O'Reilly is over, Kyle Palmieri is send on ice.
3:09 of 3rd period - Off-side.
3:10 of 3rd period - Sergey Kalinin wins face-off versus Anders Lee in neutral zone.
3:45 of 3rd period - Snap shot by Beau Bennett.
3:45 of 3rd period - Shot Misses the Net.
3:47 of 3rd period - Backhand shot by Vladimir Zharkov.
3:47 of 3rd period - Stopped by Corey Crawford without a rebound.
3:48 of 3rd period - Drew Shore wins face-off versus Mikhail Grabovski in Sasquatch zone.
4:18 of 3rd period - Ryan Strome is hit by Anders Lee and loses puck.
5:49 of 3rd period - Jason Zucker is hit by Matt Kassian and loses puck.
6:07 of 3rd period - Mikhail Grabovski is hit by Stephane Da Costa and loses puck.
6:28 of 3rd period - Colby Robak is hit by Sergey Kalinin and loses puck.
7:56 of 3rd period - Simon Danis-Pepin is hit by Michal Jordan and loses puck.
8:06 of 3rd period - Icing by Jonathan Blum.
8:07 of 3rd period - Anders Lee wins face-off versus Drew Shore in Sasquatch zone.
8:12 of 3rd period - Snap shot by Matthew Nieto.
8:12 of 3rd period - Shot Misses the Net.
8:18 of 3rd period - Snap shot by Matthew Nieto.
8:18 of 3rd period - Shot Misses the Net.
8:20 of 3rd period - Snap shot by Matthew Nieto.
8:20 of 3rd period - Stopped by Corey Crawford with a rebound.
8:22 of 3rd period - Wrist shot by Anders Lee.
8:22 of 3rd period - Deflect By Brock Trotter.
8:22 of 3rd period - Shot Misses the Net.
8:22 of 3rd period - Puck is out of play.
8:23 of 3rd period - Lars Eller wins face-off versus Mikhail Grabovski in Sasquatch zone.
9:10 of 3rd period - Beau Bennett is hit by Ryan Strome and loses puck.
9:37 of 3rd period - Snap shot by Jason Zucker.
9:37 of 3rd period - Shot Misses the Net.
9:39 of 3rd period - Wrist shot by Jason Zucker.
9:39 of 3rd period - Shot Misses the Net.
9:45 of 3rd period - Double Minor Penalty to Vladimir Zharkov for High sticking.
9:46 of 3rd period - Vladimir Sobotka wins face-off versus Lars Eller in Inferno zone.
9:57 of 3rd period - Wrist shot by Linus Omark.
9:57 of 3rd period - Stopped by Michael Hutchinson without a rebound.
9:58 of 3rd period - Lars Eller wins face-off versus Vladimir Sobotka in Inferno zone.
9:59 of 3rd period - Snap shot by Jason Akeson.
9:59 of 3rd period - Shot Blocked by Stephane Veilleux.
10:01 of 3rd period - Slapshot by Yann Sauvé.
10:01 of 3rd period - Stopped by Michael Hutchinson with a rebound.
10:03 of 3rd period - Slapshot by Danny DeKeiser.
10:03 of 3rd period - Stopped by Michael Hutchinson with a rebound.
10:05 of 3rd period - Slapshot by Lars Eller.
10:05 of 3rd period - Stopped by Michael Hutchinson without a rebound.
10:06 of 3rd period - Lars Eller wins face-off versus Vladimir Sobotka in Inferno zone.
10:09 of 3rd period - Wrist shot by Linus Omark.
10:09 of 3rd period - Stopped by Michael Hutchinson with a rebound.
10:11 of 3rd period - Wrist shot by Yann Sauvé.
10:11 of 3rd period - Goal by Yann Sauvé - Inferno : 3 - Sasquatch : 5.
10:12 of 3rd period - Vladimir Sobotka wins face-off versus Lars Eller in neutral zone.
10:20 of 3rd period - Slapshot by Lars Eller.
10:20 of 3rd period - Stopped by Michael Hutchinson without a rebound.
10:21 of 3rd period - Lars Eller wins face-off versus Vladimir Sobotka in Inferno zone.
10:28 of 3rd period - Slapshot by Linus Omark.
10:28 of 3rd period - Shot Misses the Net.
10:30 of 3rd period - Slapshot by Danny DeKeiser.
10:30 of 3rd period - Shot Blocked by Brendan Mikkelson.
10:32 of 3rd period - Slapshot by Yann Sauvé.
10:32 of 3rd period - Deflect By Colby Robak.
10:32 of 3rd period - Stopped by Michael Hutchinson with a rebound.
10:34 of 3rd period - Slapshot by Yann Sauvé.
10:34 of 3rd period - Shot Blocked by Vladimir Sobotka.
10:36 of 3rd period - Slapshot by Danny DeKeiser.
10:36 of 3rd period - Goal by Danny DeKeiser - Inferno : 3 - Sasquatch : 6.
10:37 of 3rd period - Jason Akeson wins face-off versus Mikhail Grabovski in neutral zone.
11:29 of 3rd period - Kris Russell is hit by Brendan Mikkelson and loses puck.
11:51 of 3rd period - Minor Penalty to Zach Redmond for Tripping.
11:52 of 3rd period - Vladimir Sobotka wins face-off versus Lars Eller in Inferno zone.
12:17 of 3rd period - Ryan Strome is hit by Brendan Mikkelson.
12:26 of 3rd period - Slapshot by Mikhail Grabovski.
12:26 of 3rd period - Shot Misses the Net.
12:39 of 3rd period - Off-side.
12:40 of 3rd period - Vladimir Sobotka wins face-off versus Lars Eller in neutral zone.
13:09 of 3rd period - Snap shot by Stephane Da Costa.
13:09 of 3rd period - Shot Misses the Net.
13:17 of 3rd period - Wrist shot by Stephane Veilleux.
13:17 of 3rd period - Shot Misses the Net.
13:41 of 3rd period - Slapshot by Mikhail Grabovski.
13:41 of 3rd period - Stopped by Corey Crawford with a rebound.
13:51 of 3rd period - Penalty to Zach Redmond is over, Zach Redmond is back on ice.
13:53 of 3rd period - Matthew Nieto is hit by Kris Russell and loses puck.
14:02 of 3rd period - Snap shot by Zach Redmond.
14:02 of 3rd period - Stopped by Corey Crawford without a rebound.
14:03 of 3rd period - Sergey Kalinin wins face-off versus Kyle Palmieri in Sasquatch zone.
14:25 of 3rd period - Drew Shore is hit by Anders Lee and loses puck.
15:08 of 3rd period - Wrist shot by D.J King.
15:08 of 3rd period - Stopped by Michael Hutchinson with a rebound.
15:22 of 3rd period - Wrist shot by Beau Bennett.
15:22 of 3rd period - Shot Misses the Net.
15:34 of 3rd period - Minor Penalty to Yann Sauvé for Tripping.
15:35 of 3rd period - Mikhail Grabovski wins face-off versus Drew Shore in Sasquatch zone.
15:36 of 3rd period - Snap shot by Stephane Veilleux.
15:36 of 3rd period - Stopped by Corey Crawford with a rebound.
15:38 of 3rd period - Snap shot by Mikhail Grabovski.
15:38 of 3rd period - Stopped by Corey Crawford with a rebound.
15:40 of 3rd period - Slapshot by Vladimir Zharkov.
15:40 of 3rd period - Stopped by Corey Crawford without a rebound.
15:41 of 3rd period - Drew Shore wins face-off versus Mikhail Grabovski in Sasquatch zone.
15:41 of 3rd period - Drew Shore is hit by Stephane Veilleux.
17:02 of 3rd period - Minor Penalty to Brock Trotter for High sticking.
17:03 of 3rd period - Mikhail Grabovski wins face-off versus Drew Shore in Sasquatch zone.
17:07 of 3rd period - Wrist shot by Vladimir Zharkov.
17:07 of 3rd period - Shot Blocked by Danny DeKeiser.
17:09 of 3rd period - Snap shot by Mikhail Grabovski.
17:09 of 3rd period - Stopped by Corey Crawford with a rebound.
17:11 of 3rd period - Wrist shot by Vladimir Zharkov.
17:11 of 3rd period - Shot Misses the Net.
17:13 of 3rd period - Snap shot by Vladimir Zharkov.
17:13 of 3rd period - Shot Misses the Net.
17:15 of 3rd period - Slapshot by Simon Danis-Pepin.
17:15 of 3rd period - Shot Blocked by Danny DeKeiser.
17:34 of 3rd period - Penalty to Yann Sauvé is over, Yann Sauvé is back on ice.
19:02 of 3rd period - Penalty to Brock Trotter is over, Brock Trotter is back on ice.
19:05 of 3rd period - Jason Zucker is hit by Matthew Nieto and loses puck.
Goals for this period are 0 for Inferno vs 2 for Sasquatch.
Shots for this period are 9 for Inferno vs 10 for Sasquatch.
Back to the Top